 Dungeon Crawl Stone Soup version 0.30-a0-799-g109b55a442 (webtiles) character file.

Game seed: 1736553121331802343

162 bakla the Sneak (level 5, -5/36 HPs)
             Began as an Octopode Brigand on Feb 20, 2023.
             Slain by an orc
             ... wielding a +1 hand axe of electrocution
              (19 damage)
             ... on level 3 of the Dungeon.
             The game lasted 00:08:27 (2202 turns).

bakla the Sneak (Octopode Brigand)                  Turns: 2202, Time: 00:08:28

Health: -5/36      AC:  8    Str: 10    XL:     5   Next: 43%
Magic:  5/5        EV: 13    Int: 13    God:
Gold:   93         SH:  0    Dex: 16    Spells: 4/4 levels left

rFire   + . .      SeeInvis .    j - +2 dagger (protect)
rCold   . . .      Faith    .    (no shield)
rNeg    . . .      Spirit   .    (helmet restricted)
rPois   .          Reflect  .    (no amulet)
rElec   .          Harm     .    i - ring of protection from fire
rCorr   .          Rampage  .    a - ring of wizardry
Will    .....                    (no ring)
Stlth   ++++                     (no ring)
HPRegen 0.26/turn                (no ring)
MPRegen 0.09/turn                (no ring)
                                 (no ring)
                                 (no ring)

@: under a protective aura
A: almost no armour, amphibious, 8 rings, camouflage 1, gelatinous body 1,
(nimble swimmer 1), tentacles
a: no special abilities


You were on level 3 of the Dungeon.
You visited 1 branch of the dungeon, and saw 4 of its levels.

You collected 93 gold pieces.

Inventory:

Hand Weapons
 e - a +1 dagger of flaming
 j - a +2 dagger of protection (weapon)
 o - the +3 spear of the World {heavy, rPois rC+}
   (You found it on level 3 of the Dungeon)

   rC:        It protects you from cold.
   rPois:     It protects you from poison.
Missiles
 b - 2 poisoned darts (quivered)
 c - 3 curare-tipped darts
Jewellery
 a - a ring of wizardry (right tentacle)
 i - a ring of protection from fire (left tentacle)
Scrolls
 f - 2 scrolls of amnesia
 m - a scroll of fog
 n - 2 scrolls of teleportation
 r - a scroll of blinking
Potions
 d - a potion of might {unknown}
 g - a potion of haste {unknown}
 h - a potion of heal wounds
 k - 2 potions of lignification
 l - a potion of flight {unknown}
 p - a potion of curing {unknown}
 q - a potion of magic {unknown}
 t - a potion of resistance {unknown}


   Skills:
 + Level 3.1 Fighting
 * Level 4.0 Short Blades
 - Level 2.0 Throwing
 + Level 2.4 Dodging
 - Level 5.4 Stealth


You had 4 spell levels left.
You didn't know any spells.
Your spell library was empty.

Dungeon Overview and Level Annotations

Branches:
Dungeon (4/15)
 Temple: D:4-7

Altars:

Shops:
D:1 [


Innate Abilities, Weirdness & Mutations

You cannot wear most types of armour.
You are amphibious.
You can wear up to eight rings at the same time.
Your skin changes colour to match your surroundings (Stealth+).
Your rubbery body absorbs attacks. (AC +1, EV +1)
((You are camouflaged when in or above water. (Stealth+)))
You have tentacles for arms and can constrict up to eight enemies at once.


Message History

Ouch! That really hurt!
* * * LOW HITPOINT WARNING * * *
The kobold throws a stone.
The stone closely misses you.
The orc priest calls down the wrath of Beogh upon you.
Pain shoots through your body!
* * * LOW HITPOINT WARNING * * *
You climb upwards.
There is a stone staircase leading down here.
You feel much better.
The orc priest miscasts a cantrip.
The orc misses you.
You hit the orc priest. Your grab misses the orc priest.
You squeeze the orc priest.
The orc priest is severely wounded.
The orc priest misses you. The orc misses you.
You hit the orc priest.
You kill the orc priest!
Your Short Blades skill increases to level 4!
You hit the orc but do no damage. You grab the orc. You squeeze the orc.
The orc is lightly wounded.
You constrict the orc.
The orc hits you with a +1 hand axe of electrocution.
You are electrocuted!!
Ouch! That really hurt!
* * * LOW HITPOINT WARNING * * *
You hit the orc but do no damage. You squeeze the orc, but do no damage.
The orc is heavily wounded.
You constrict the orc, but do no damage.
The orc hits you with a +1 hand axe of electrocution.
* * * LOW HITPOINT WARNING * * *
You hit the orc but do no damage.
The orc is heavily wounded.
You constrict the orc, but do no damage.
The orc hits you but does no damage.
You hit the orc but do no damage.
The orc is heavily wounded.
You constrict the orc. The orc hits you but does no damage.
You are electrocuted!!
Ouch! That really hurt!
You die...

##### #...# #...# ##############
# #...##### ##.....##.....####
#.......#####................. ##
#..........#..÷..............#
.###...##..##.#...............>##
..##...###..#....).............##
...###........#.@......÷.......##
..........##.##.o..............#
...####...##...................##
P.#####........P..........(....PP
.....##.....#.....8......<...#P§§
...#.##...#.............##...#§~§
.<.#.......##.......###......#.~~
..########(....#..#.######.....~~
.................##..#..........(


You could see an orc.

Vanquished Creatures
  An orc priest (D:3)
  A hound zombie (D:3)
  A hound skeleton (D:3)
  2 adders
  2 adder skeletons (D:3)
  3 worms
  3 dart slugs
  3 orcs
  7 bats
  7 endoplasms
  2 giant cockroaches
  5 goblins
  3 hobgoblins
  7 kobolds
  3 quokkas
  8 ball pythons
  A ball python skeleton (D:3)
  3 frilled lizards
  2 quokka zombies (D:3)
  4 rats
68 creatures vanquished.

Vanquished Creatures (others)
  2 withered plants (D:3)
2 creatures vanquished.

Grand Total: 70 creatures vanquished

Notes
Turn   | Place    | Note
-------+----------+-------------------------------------------
     0 | D:1      | bakla the Octopode Brigand began the quest for the Orb.
     0 | D:1      | Reached XP level 1. HP: 14/14 MP: 1/1
    88 | D:1      | Found Uratil's Antique Armour Shop.
   185 | D:1      | Reached XP level 2. HP: 16/19 MP: 2/2
   813 | D:2      | Reached XP level 3. HP: 24/24 MP: 3/3
   935 | D:2      | Found a faded altar of an unknown god.
  1483 | D:3      | Reached XP level 4. HP: 30/30 MP: 4/4
  1546 | D:3      | Identified the +3 spear of the World {heavy, rPois rC+}
  1909 | D:3      | Reached XP level 5. HP: 36/36 MP: 5/5
  2202 | D:3      | Slain by an orc

Illustrated notes

Levels and vault maps discovered:
D:1:      dpeg_arrival_snail, layout_basic, serial_shops, nicolae_shop_stone
D:2:      layout_rooms, shapermc_ecumenical_altar_mp_urbaneastern,
          kennysheep_cross_room
D:3:      layout_rooms, serial_undead, serial_undead_c, serial_undead_a,
          serial_undead_b, serial_undead_d, serial_undead_a, serial_undead_c,
          serial_undead_d, serial_undead_b, serial_undead_e, serial_undead_f,
          interstate_on_off
D:4:      layout_cave_pools, gammafunk_ghost_smash, nicolae_wooded_promenade,
          minmay_lizard_king

Skill      XL: |  1  2  3  4  5 |
---------------+----------------+-----
Short Blades   | 3 4 |  4.0
Dodging        | 2 |  2.4
Fighting       | 3 |  3.1
Throwing       | |  2.0
Stealth        | |  5.4

Action                     |  1- 3 |  4- 6 || total
---------------------------+-------+-------++-------
  Melee: Dagger            |    44 |    54 ||    98
         Constrict         |    13 |    16 ||    29
         Tentacles         |     9 |    16 ||    25
         Punch             |     1 |       ||     1
  Throw: Dart              |    52 |    35 ||    87
         Stone             |     2 |       ||     2
    Use: Scroll            |     3 |     3 ||     6
         Potion            |       |     1 ||     1
   Stab: Sleeping          |     2 |     1 ||     3
 Armour: Skin              |     3 |    17 ||    20
  Dodge: Dodged            |    21 |    25 ||    46

Table legend: (Time is in decaauts)
 A = Elapsed time spent in this place.
 B = Non-inter-level travel time spent in this place.
 C = Inter-level travel time spent in this place.
 D = Time resting spent in this place.
 E = Time spent auto-exploring this place.
 F = Levels seen in this place.
 G = Mean time per level.
                   A        B        C        D        E       F      G
               +--------+--------+--------+--------+--------+-----+--------+
         Total |   2176 |   2096 |     80 |     36 |   1389 |   4 |  544.0 |
       Dungeon |   2176 |   2096 |     80 |     36 |   1389 |   4 |  544.0 |
               +--------+--------+--------+--------+--------+-----+--------+

Top non-repeatable levels by time:
     D:1: 759 daAuts
     D:2: 704 daAuts
     D:3: 695 daAuts
     D:4: 17 daAuts
